 Dungeon Crawl Stone Soup version 0.28-a0-1616-g050a50673c (webtiles) character file.

Game seed: 4289823776868696898

730 tatocazan the Sneak (level 7, -3/48 HPs)
             Began as an Octopode Brigand on Jan 22, 2022.
             Succumbed to a water moccasin's poison
             ... on level 5 of the Dungeon.
             The game lasted 00:05:05 (5005 turns).

tatocazan the Sneak (Octopode Brigand)              Turns: 5005, Time: 00:05:06

Health: -3/48      AC:  1    Str: 10    XL:     7   Next: 73%
Magic:  7/7        EV: 14    Int: 14    God:
Gold:   203        SH:  0    Dex: 15    Spells: 6/6 levels left

rFire   . . .      SeeInvis .   a - +2 dagger
rCold   + . .      Faith    .   (no shield)
rNeg    . . .      Spirit   .   (helmet restricted)
rPois   .          Reflect  .   (no amulet)
rElec   .          Harm     .   v - ring of protection from cold
rCorr   .          Rampage  .   (no ring)
Will    .....                   (no ring)
Stlth   +++++.....              (no ring)
HPRegen 0.16/turn               (no ring)
MPRegen 0.10/turn               (no ring)
                                (no ring)
                                (no ring)

@: brilliant, lethally poisoned (-3 -> -28)
A: almost no armour, amphibious, 8 rings, camouflage 1, gelatinous body 1,
(nimble swimmer 1), tentacles
a: no special abilities


You were on level 5 of the Dungeon.
You visited 1 branch of the dungeon, and saw 5 of its levels.

You collected 203 gold pieces.

Inventory:

Hand Weapons
 a - a +2 dagger (weapon)
Missiles
 b - 8 poisoned darts (quivered)
 c - 2 curare-tipped darts
Jewellery
 r - a ring of ice
 t - a ring of fire
 v - a ring of protection from cold (left tentacle)
Wands
 m - a wand of flame (6)
Scrolls
 f - a scroll of magic mapping {unknown}
 g - 2 scrolls of enchant armour {unknown}
 h - 3 scrolls of noise {unknown}
 j - 2 scrolls of teleportation {unknown}
 l - 4 scrolls of identify {unknown}
 n - a scroll of vulnerability {unknown}
 o - a scroll of enchant weapon {unknown}
 p - 4 scrolls of fog {unknown}
 q - 2 scrolls of fear {unknown}
 s - a scroll of immolation {unknown}
 x - a scroll of silence {unknown}
Potions
 d - a potion of brilliance
 e - 3 potions of magic
 i - 2 potions of degeneration {unknown}
 k - a potion of lignification {unknown}
 u - a potion of flight {unknown}
 w - a potion of heal wounds {unknown}


   Skills:
 + Level 4.1 Fighting
 * Level 4.1 Short Blades
 - Level 4.0 Throwing
 + Level 3.6 Dodging
 * Level 7.5 Stealth


You had 6 spell levels left.
You didn't know any spells.
Your spell library contained the following spells:

 Spells                   Type           Power      Damage    Failure   Level
 Ensorcelled Hibernation  Hex/Ice        0%         N/A       41%         2
 Static Discharge         Conj/Air       0%         N/A       41%         2
 Spider Form              Tmut/Pois      0%         N/A       65%         3
 Anguish                  Hex/Necr       0%         N/A       96%         4
 Dispel Undead            Necr           0%         3d6       96%         4
 Sticky Flame             Conj/Fire      0%         2d3       96%         4


Dungeon Overview and Level Annotations

Branches:
Dungeon (5/15)
 Temple: D:4-7

Altars:
Ashenzari
Gozag
Trog


Innate Abilities, Weirdness & Mutations

You cannot wear most types of armour.
You are amphibious.
You can wear up to eight rings at the same time.
Your skin changes colour to match your surroundings (Stealth+).
Your rubbery body absorbs attacks. (AC +1, EV +1)
((You are camouflaged when in or above water. (Stealth+)))
You have tentacles for arms and can constrict up to eight enemies at once.


Message History

There is a stone staircase leading down here.
A water moccasin comes into view.
The water moccasin misses you.
You hit the water moccasin. Your grab misses the water moccasin.
The water moccasin is lightly wounded.
The water moccasin barely misses you.
You closely miss the water moccasin. Your grab misses the water moccasin.
The water moccasin is lightly wounded.
The water moccasin bites you!
You are poisoned.
The water moccasin poisons you!
You take 8 damage, and have 40/48 hp.
You hit the water moccasin. Your grab misses the water moccasin.
The water moccasin is moderately wounded.
You feel very sick. The water moccasin bites you.
You are more poisoned.
The water moccasin poisons you!
You take 8 damage, and have 32/48 hp.
You hit the water moccasin. Your grab misses the water moccasin.
The water moccasin is moderately wounded.
You feel very sick.
A shadow imp comes into view.
The water moccasin bites you.
You are lethally poisoned!
The water moccasin poisons you!
You take 7 damage, and have 25/48 hp.
It was a potion of magic.
Magic courses through your body.
You feel extremely sick. The water moccasin bites you!
* * * LOW HITPOINT WARNING * * *
You take 18 damage, and have 7/48 hp.
MASSIVE DAMAGE!!
It was a potion of brilliance.
You feel clever all of a sudden.
* * * LOW HITPOINT WARNING * * *
You feel very sick. The water moccasin barely misses you.
The water moccasin misses you.
You take 6 damage, and have 1/48 hp.
Okay, then.
You die...

#.#.......# #.....#
#..........######## ####.##
###.#.##.#.##.....# #.#
....#....#.##.....# #.#
....#.#...........#######.#
....#.#.... #.....##.....>#
###.... ...##...S.##.######
#.##. #........# #.#
..#####@# #.# ####.###.#
#........# #.##.##### ..
#.# #.. ..# ##### ## ####
....# ....#


You could see a water moccasin.

Vanquished Creatures
  Sigmund (D:2)
  A black bear (D:5)
  2 phantoms (D:4)
  A bullfrog (D:4)
  A centaur zombie (D:5)
  A hound (D:5)
  A bullfrog skeleton (D:5)
  Terence (D:2)
  A hound skeleton (D:5)
  6 adders
  A gnoll (D:1)
  A worm (D:4)
  A dart slug (D:1)
  An orc (D:3)
  4 bats
  5 endoplasms
  10 giant cockroaches
  4 goblins
  3 hobgoblins
  4 jackals (D:1)
  4 kobolds
  3 quokkas
  4 ball pythons
  3 frilled lizards
  5 rats
69 creatures vanquished.

Notes
Turn   | Place    | Note
-------+----------+-------------------------------------------
     0 | D:1      | tatocazan the Octopode Brigand began the quest for the Orb.
     0 | D:1      | Reached XP level 1. HP: 14/14 MP: 1/1
   280 | D:1      | Reached XP level 2. HP: 17/19 MP: 2/2
   505 | D:1      | Reached XP level 3. HP: 12/24 MP: 3/3
  1462 | D:2      | Noticed Sigmund
  1468 | D:2      | Killed Sigmund
  1469 | D:2      | Reached skill level 6 in Stealth
  1469 | D:2      | Reached XP level 4. HP: 31/31 MP: 4/4
  1469 | D:2      | Reached XP level 5. HP: 36/36 MP: 5/5
  1543 | D:2      | Noticed Terence
  1546 | D:2      | Killed Terence
  1547 | D:2      | Reached XP level 6. HP: 42/42 MP: 6/6
  2077 | D:2      | Found a faded altar of an unknown god.
  3170 | D:3      | Found a bloodstained altar of Trog.
  3785 | D:4      | Reached skill level 7 in Stealth
  3785 | D:4      | Reached XP level 7. HP: 21/47 MP: 7/7
  4614 | D:5      | Entered Level 5 of the Dungeon
  4929 | D:5      | Found an opulent altar of Gozag.
  4930 | D:5      | Found a broken altar of Ashenzari.
  5004 | D:5      | HP: 1/48 [poisoned by a water moccasin]
  5005 | D:5      | Succumbed to a water moccasin's poison

Illustrated notes

Levels and vault maps discovered:
D:1:      roderic_crossed_star, layout_basic, st_stairs_14
D:2:      layout_basic, shapermc_ecumenical_altar_petra, kennysheep_nondescript,
          uniq_sigmund, uniq_terence
D:3:      minmay_roachtagon, layout_basic, trog_book
D:4:      layout_loops_ring, minmay_misc_feat_cross, serial_bayou_pond_b
D:5:      layout_loops_cross, chequers_temple_overflow_statue_of_worship,
          uniq_blork_the_orc, uniq_edmund

Skill      XL: |  1  2  3  4  5  6  7 |
---------------+----------------------+-----
Fighting       | 3 4 |  4.1
Short Blades   | 3 4 |  4.1
Throwing       | 3 4 |  4.0
Dodging        | 2 3 |  3.6
Stealth        | 6 7 |  7.5

Action                   |  1- 3 |  4- 6 |  7- 9 || total
-------------------------+-------+-------+-------++-------
Melee: Dagger            |    52 |    69 |    40 ||   161
       Constrict         |     6 |    13 |     2 ||    21
       Punch             |     2 |       |       ||     2
       Tentacles         |       |    15 |     5 ||    20
  Use: Potion            |       |       |     2 ||     2
 Stab: Sleeping          |    13 |    16 |     5 ||    34
Armor: Skin              |     3 |     7 |     1 ||    11
Dodge: Dodged            |    14 |    26 |    29 ||    69

Table legend: (Time is in decaauts)
 A = Elapsed time spent in this place.
 B = Non-inter-level travel time spent in this place.
 C = Inter-level travel time spent in this place.
 D = Time resting spent in this place.
 E = Time spent auto-exploring this place.
 F = Levels seen in this place.
 G = Mean time per level.
                   A        B        C        D        E       F      G
               +--------+--------+--------+--------+--------+-----+--------+
         Total |   4977 |   4919 |     58 |   1423 |   2997 |   5 |  995.4 |
       Dungeon |   4977 |   4919 |     58 |   1423 |   2997 |   5 |  995.4 |
               +--------+--------+--------+--------+--------+-----+--------+

Top non-repeatable levels by time:
     D:4: 1340 daAuts
     D:2: 1218 daAuts
     D:1: 1095 daAuts
     D:3: 938 daAuts
     D:5: 385 daAuts
